Tangles, chaotic female sylph Rogue ----- ---- -- --.|.--- --..| ---- ----.-- --- |......| ---...--------..---------......--------- |.--- -....- --.^............>...................I...-- --...| ---...-- |......<.-----................-------.-..| |....| ------|[....| |........|---|................--- |....| --....----.--..|.------------....--|..|----...............| ---.--- |......)............)[......(..-----..| |..---..........| |...| --......--....|..--------------- |...------.---....| ....| ---.--- --....----..----....| --......|--..|....-- - ..- --...-- |....-- |...| |....-- --.......--..(.....--- |.....-- |....| |...|-----...--- --...........^...(....| --.....| |...-| --..--.----.*..| |..........---.|......|--- ---- |..|..--- --...| --......| |....-- |.........-- ----.....--.---..|--------....| |...----..--...---.....| ---........-| |.......).|...--..| |......| ---..--..----..........- |...........-- --................---.....-- --....--- |....|......| |............| --..--..--.|............-- --....-- -...---.....| --...........- ------------........---- |.....| |....| ------- ---..........| ---.....-- |..|.-- --..-- --.|.|..|..| --.---- ------ ---- ----------- --- Tangles the Rogue Experience level: 7 Strength: 13 Dexterity: 20 Constitution: 13 Intelligence: 7 Wisdom: 16 Charisma: 7 Health: 0(47) Energy: 38(38) Def: 3 Gold: 121 Moves: 4044 Dungeon seed: Bw3G3vlqleeR_H3j Game ID: Tangles_1467202100 Your Inventory: Coins $ - 121 gold pieces Weapons u - the rustproof +0 Valerian (weapon in hand) C - 2 +0 daggers U - 8 +0 daggers (in quiver) W - a blessed +0 dagger Armor e - an uncursed +0 dwarvish cloak Comestibles D - an uncursed fortune cookie H - a cursed cream pie I - 2 cursed carrots S - 2 cursed lembas wafers V - an uncursed melon Scrolls b - an uncursed scroll of stinking cloud i - a blessed scroll of magic mapping j - an uncursed scroll of teleportation k - an uncursed scroll of remove curse P - an uncursed scroll of light X - an uncursed scroll of earth Spellbooks m - an uncursed spellbook of force bolt Potions p - a blessed potion of sleeping r - an uncursed potion of confusion s - an uncursed potion of see invisible L - an uncursed potion of confusion R - 2 uncursed potions of acid Rings g - a cursed ring of free action x - a cursed ring of poison resistance M - an uncursed +1 ring of gain strength Wands f - a wand of slow monster (0:3) h - a wand of opening (0:3) N - a wand of sleep (0:4) Q - a wand of striking (0:3) Tools a - an uncursed magic whistle l - an uncursed skeleton key n - an uncursed blindfold o - an uncursed blindfold t - 9 uncursed tallow candles (0:200) v - a +0 pick-axe y - a cursed oil lamp (0:1107) z - a cursed oil lamp (0:1386) F - an uncursed bag of holding Z - an uncursed magic whistle Gems d - an uncursed worthless piece of yellow glass q - 5 uncursed worthless pieces of yellowish brown glass E - an uncursed amethyst stone Y - an uncursed worthless piece of black glass Contents of the bag of holding: 2010 gold pieces a +0 dagger a cursed scroll of blank paper an uncursed scroll of enchant armor an uncursed scroll of fire an uncursed scroll of identify 2 cursed scrolls of identify an uncursed scroll of light an uncursed scroll of punishment a cursed scroll of remove curse an uncursed scroll of stinking cloud a cursed scroll of teleportation a cursed potion of enlightenment a cursed potion of extra healing an uncursed potion of gain energy a blessed potion of healing an uncursed potion of healing a cursed potion of invisibility a blessed potion of levitation a cursed potion of restore ability an uncursed potion of sickness Spells and supernatural/magical abilities: Name Level Category Fail Memory c - cause fear 3 enchantment 100% 94% n - detect monsters 1 divination 62% 92% W - pray for help -- divine ? -- Your skills at the end: Miscellaneous Skills wands [Basic] Weapon Skills dagger [Skilled] short sword [Basic] Spellcasting Skills healing spells [Basic] Final Attributes: You were devoutly aligned. You were sleep resistant. You saw invisible. You had infravision. You were stealthy. You were protected. You were protected from shape changers. You were lucky. You are dead. Vanquished creatures: 2 ghosts a dwarf king a giant beetle a wolf 3 leprechauns a quivering blob a lizard 3 gnome kings an orc mummy a dwarf mummy a gnome mummy a snake 7 gnome lords 5 gnomish wizards a black naga hatchling a gray ooze 2 little dogs 5 dwarves a homunculus 2 kobold shamans an iguana 4 rothes a rabid rat 2 hobbits an acid blob a gecko a giant rat 21 gnomes a gnome zombie 7 jackals 6 newts 2 sewer rats 2 grid bugs 3 lichens 94 creatures vanquished. Voluntary challenges: You did not adorn yourself with jewelry or accessories. You used a wielded weapon 250 times, starting on turn 55. You did not apply a unicorn horn. You read items or engraved 9 times, starting on turn 2381. You never genocided any monsters. You never polymorphed an object. You changed form 1 time, starting on turn 3403. You used no wishes. You never split a pudding. You never wrote Elbereth's name. You violated your moral code, losing 3 points of alignment, starting on turn 1375. Dungeon overview: The Dungeons of Doom: levels 1 to 5 Level 1 a long staircase Level 2 a fountain Level 3 a fountain Level 4 a potion shop, some altars to Kos stairs to The Gnomish Mines Level 5 The Gnomish Mines: levels 5 to 9 Level 5 stairs to The Dungeons of Doom Level 6 Level 7 many shops, a temple to Kos, a magic chest, some fountains Level 8 Level 9 <- You were here History has recorded: On T:1 you entered the Dungeons of Doom to retrieve the Amulet of Yendor! On T:5 you reached level 4 of The Dungeons of Doom. On T:71 you reached level 5 of The Dungeons of Doom. On T:127 you reached level 3 of The Dungeons of Doom. On T:320 you reached level 2 of The Dungeons of Doom. On T:1064 you advanced to experience level 2. On T:1130 you reached level 1 of The Gnomish Mines. On T:1205 you advanced to experience level 3. On T:1251 you advanced to experience level 4. On T:1324 you reached level 2 of The Gnomish Mines. On T:1369 you advanced to experience level 5. On T:1388 you reached level 3 of The Gnomish Mines. On T:1470 you opened a magic chest. On T:1511 you entered the Minetown temple On T:1628 you opened a magic chest. On T:1630 you opened a magic chest. On T:1631 you opened a magic chest. On T:1632 you opened a magic chest. On T:1633 you opened a magic chest. On T:1915 you advanced to experience level 6. On T:2009 you received Valerian from Kos. On T:2029 you opened a magic chest. On T:2779 you opened a magic chest. On T:3267 you reached level 4 of The Gnomish Mines. On T:3274 you advanced to experience level 7. On T:3721 you reached level 5 of The Gnomish Mines. Score breakdown: Gold: 2131 ( 213 points) Experience: 7 levels ( 600 points) Exploration: 9 levels ( 240 points) Discoveries: 12 items ( 600 points) Variety of kills: 34 monsters ( 1700 points) Major goal: reached Minetown ( 500 points) Survival: died (score multiplied by 3) Total score: 11559 Latest messages: You catch the gnome at a disadvantage! You kill the gnome! The housecat bites the gnome. The large cat bites the gnome. The gnome is killed! The housecat eats a gnome corpse. You see here 12 darts. You displace your large cat. You see here a wax candle. The large cat picks up 12 darts. The large cat drops 12 darts. You faint from lack of food. You come to. You displace your large cat. Your sweetly-scented blade puts the wolf to sleep. You stab the wolf. You catch the wolf at a disadvantage! You faint from lack of food. Something bites! (8x) You try to draw healing from your surroundings, but you are too weak. Something bites! You die... Final status: Goodbye Tangles the Rogue, killed by a wolf, while fainted from lack of food... You died in The Gnomish Mines on dungeon level 9 with 11559 points, and 2131 pieces of gold, after 4044 moves. You were level 7 with a maximum of 47 hit points when you died.